 Dungeon Crawl Stone Soup version 0.30.1-3-gfc49f6343a (webtiles) character file.

Game seed: 501274379026343306

97 booth the Chopper (level 4, -2/51 HPs)
             Began as a Demonspawn Gladiator on July 18, 2023.
             Slain by a gnoll
             ... wielding a +0 club
              (6 damage)
             ... on level 3 of the Dungeon.
             The game lasted 00:09:29 (2000 turns).

booth the Chopper (Demonspawn Gladiator)            Turns: 2000, Time: 00:09:30

Health: -2/51      AC:  6    Str: 16    XL:     4   Next: 42%
Magic:  4/4        EV: 12    Int: 10    God:
Gold:   56         SH:  0    Dex: 14    Spells: 3/3 levels left

rFire   + . .        g - +1 war axe (drain)
rCold   . . .        (no shield)
rNeg    . . .        n - +0 ring mail
rPois   .            c - +0 helmet
rElec   .            (no cloak)
rCorr   .            (no gloves)
SInv    .            (no boots)
Will    .....        (no amulet) Stlth
                     k - ring of protection from fire
HPRegen 0.28/turn    (no ring)
MPRegen 0.09/turn

%: no passive effects
@: berserking, very quick
A: claws 1, sturdy frame 1
a: no special abilities


You were on level 3 of the Dungeon.
You visited 1 branch of the dungeon, and saw 3 of its levels.

You collected 56 gold pieces.

Inventory:

Hand Weapons
 g - a +1 war axe of draining (weapon)
 h - a +0 mace
Missiles
 d - 3 throwing nets (quivered)
 e - a javelin
Armour
 b - a +0 leather armour
 c - a +0 helmet (worn)
 n - a +0 ring mail (worn)
Jewellery
 a - a ring of ice
 i - an amulet of faith
 k - a ring of protection from fire (left claw)
Scrolls
 f - a scroll of immolation
Potions
 j - a potion of magic {unknown}
 l - a potion of ambrosia {unknown}
 o - a potion of berserk rage


   Skills:
 + Level 2.9 Fighting
 + Level 3.3 Axes
 + Level 2.5 Throwing
 + Level 3.3 Dodging


You had 3 spell levels left.
You didn't know any spells.
Your spell library was empty.

Dungeon Overview and Level Annotations

Branches:
Dungeon (3/15)

Altars:

Shops:
D:1 [


Innate Abilities, Weirdness & Mutations

You have sharp fingernails.
Your movements are slightly less encumbered by armour. (ER -2)


Message History

The hobgoblin is severely wounded.
You hit the gnoll. The gnoll closely misses you.
The hobgoblin barely misses you. The gnoll closely misses you.
You closely miss the hobgoblin.
You claw the hobgoblin, but do no damage.
The hobgoblin is severely wounded.
You hit the gnoll. You drain the gnoll.
You kill the gnoll!
The hobgoblin no longer looks unusually strong.
The gnoll hits you from afar with a +0 halberd.
The hobgoblin completely misses you.
You slash the hobgoblin!
You kill the hobgoblin!
The gnoll hits you but does no damage. The gnoll closely misses you.
The gnoll misses you.
You slash the gnoll!
You kill the gnoll!
The bat closely misses you.
The gnoll hits you from afar with a +0 halberd!
* * * LOW HITPOINT WARNING * * *
The bat attacks as you move away! The bat barely misses you.
The bat closely misses you. The bat barely misses you.
The gnoll barely misses you. The gnoll closely misses you.
There is an open door, spattered with blood here.
Things that are here:
a +0 flail; a +0 club; a goblin corpse You barely miss the gnoll.
You barely miss the bat. You hit the gnoll. The bat closely misses you.
The gnoll barely misses you. The gnoll hits you with a +0 halberd.
* * * LOW HITPOINT WARNING * * *
It was a potion of berserk rage.
A red film seems to cover your vision as you go berserk!
You feel yourself moving faster!
You feel mighty! The gnoll hits you but does no damage.
The gnoll barely misses you. The bat hits you but does no damage.
You completely miss the gnoll.
The gnoll is lightly wounded.
You closely miss the gnoll. You completely miss the bat.
The bat barely misses you. The gnoll hits you with a +0 club.
You die...

#..........
##..#...#.###
#######...##.##.#
#.........##.# .####
#.####'#####.# .....
#)#.......##.# ....#
#.#.⌠...⌠.# ....#
#.#......)### .b....
#.'...⌠...@g##.....#
###.....b.#gl)......
#.⌠...⌠.##)####...
#.......##.#
####'####..#
#....).## ########


You could see 2 gnolls, a bat and a frilled lizard.

Vanquished Creatures
  Robin (D:3)
  2 gnolls (D:3)
  2 bats (D:2)
  6 endoplasms
  2 giant cockroaches (D:2)
  8 goblins
  8 hobgoblins
  10 jackals
  4 kobolds
  5 quokkas
  7 ball pythons
  A frilled lizard (D:1)
56 creatures vanquished.

Notes
Turn   | Place    | Note
-------+----------+-------------------------------------------
     0 | D:1      | booth the Demonspawn Gladiator began the quest for the Orb.
     0 | D:1      | Reached XP level 1. HP: 16/16 MP: 1/1
   196 | D:1      | Found Oqegela's Armour Emporium.
   212 | D:1      | Gained mutation: Your movements are slightly less
                  | encumbered by armour. (ER -2) [demonic ancestry]
   212 | D:1      | Reached XP level 2. HP: 17/22 MP: 2/2
  1169 | D:2      | Gained mutation: You have sharp fingernails. [demonic
                  | ancestry]
  1169 | D:2      | Reached XP level 3. HP: 28/28 MP: 3/3
  1972 | D:3      | Noticed Robin
  1984 | D:3      | Killed Robin
  1985 | D:3      | Reached XP level 4. HP: 21/34 MP: 4/4
  2000 | D:3      | Slain by a gnoll

Illustrated notes

Levels and vault maps discovered:
D:1:      elethiomel_arrival_infinity_welcomes_careful_drivers, layout_basic,
          serial_shops, nicolae_shop_waterfront
D:2:      layout_loops_ring, serial_rivers, chequers_serial_rivers_micro_e,
          chequers_serial_rivers_small_b, chequers_serial_rivers_micro_b,
          chequers_serial_rivers_micro_e, chequers_serial_rivers_small_b,
          minmay_statues_item, chequers_serial_rivers_marsh
D:3:      lemuel_castle_with_subvaults [lemuel_castle_interior_carwin_2],
          layout_loops_ring, hangedman_glass_teeth, minmay_fountain_box,
          minmay_liquid_box, uniq_robin

Skill      XL: |  1  2 |
---------------+-------+-----
Throwing       | 2 |  2.5
Dodging        | 3 |  3.3
Axes           | 3 |  3.3
Fighting       | |  2.9

Action                     |  1- 3 |  4- 6 || total
---------------------------+-------+-------++-------
  Melee: War axe           |   112 |    11 ||   123
         Punch             |       |     1 ||     1
    Use: Scroll            |     4 |       ||     4
         Potion            |     3 |     1 ||     4
 Armour: Leather armour    |     6 |       ||     6
         Ring mail         |    31 |     5 ||    36
  Dodge: Dodged            |    92 |    20 ||   112
